 Dungeon Crawl Stone Soup version 0.19.0 (webtiles) character file.

88 Jraekied the Chucker (level 4, -1/33 HPs)
             Began as a Demonspawn Hunter on Nov 14, 2016.
             Was an Initiate of Dithmenos.
             Slain by Crazy Yiuf
             ... wielding a +4 quarterstaff of chaos
              (8 damage)
             ... on level 2 of the Dungeon.
             The game lasted 00:05:43 (2657 turns).

Jraekied the Chucker (Demonspawn Hunter)            Turns: 2657, Time: 00:05:44

Health: -1/33      AC:  7    Str: 12    XL:     4   Next: 30%
Magic:  4/4        EV: 10    Int: 13    God:    Dithmenos [......]
Gold:   93         SH:  0    Dex: 14    Spells: 0 memorised, 3 levels left

rFire  + . .     SeeInvis .     s - +2 dagger (venom)
rCold  + + .     Gourm    .     p - +0 ring mail
rNeg   . . .     Faith    .     (no shield)
rPois  +         Spirit   .     (no helmet)
rElec  +         Reflect  .     (no cloak)
rCorr  +         Harm     .     (no gloves)
MR     .....                    (no boots)
Stlth  +.........               (no amulet)
                                (no ring)
                                (no ring)

@: lethally poisoned (-1 -> -4), resistant, flying, drained
A: molten scales 1, cold resistance 1, rot immunity
a: Renounce Religion


You were on level 2 of the Dungeon.
You worshipped Dithmenos.
Dithmenos was noncommittal.
You were very hungry.

You visited 1 branch of the dungeon, and saw 2 of its levels.

You collected 93 gold pieces.

Inventory:

Hand Weapons
 a - a +0 short sword
 s - a +2 dagger of venom (weapon)
Missiles
 c - 6 javelins
 d - 2 throwing nets
 i - 15 stones (quivered)
 v - 15 poisoned needles
Armour
 b - a +0 leather armour
 p - a +0 ring mail (worn)
Jewellery
 e - an uncursed amulet of faith {unknown}
 n - an uncursed ring of resist corrosion {unknown}
Scrolls
 h - a scroll of fog {unknown}
 j - a scroll of magic mapping {unknown}
 o - a scroll of identify {unknown}
 r - a scroll of remove curse {unknown}
 t - a scroll of teleportation {unknown}
Comestibles
 f - 3 bread rations
 q - a meat ration


   Skills:
 - Level 2.0(1.4) Fighting
 * Level 2.2(1.7) Short Blades
 + Level 4.6(4.0) Throwing
 - Level 1.7(1.2) Dodging
 - Level 0.8(0.3) Stealth


You had 3 spell levels left.
You didn't know any spells.

Dungeon Overview and Level Annotations

Branches:
Dungeon (2/15)

Altars:
Dithmenos
Xom
Zin

Annotations:
D:2 Crazy Yiuf


Innate Abilities, Weirdness & Mutations

You are partially covered in molten scales. (AC +2)
Your flesh is cold resistant. (rC+)
You are immune to rotting.


Message History

You barely miss Crazy Yiuf.
Crazy Yiuf is moderately wounded.
Crazy Yiuf hits you but does no damage.
You hit Crazy Yiuf.
Crazy Yiuf is heavily wounded.
Crazy Yiuf hits you with a quarterstaff of chaos.
You are poisoned.
You feel sick.
You feel sick.
Crazy Yiuf screams, "You!"
Crazy Yiuf looks more healthy.
You feel sick.
You feel sick.
You hit Crazy Yiuf but do no damage.
Crazy Yiuf is poisoned.
Crazy Yiuf is heavily wounded.
Crazy Yiuf barely misses you.
You hit Crazy Yiuf but do no damage.
Crazy Yiuf is heavily wounded.
Crazy Yiuf hits you with a quarterstaff of chaos!
You die...

#...<..#.#
#...##..###....
##########
#...##.........
#...###.###.#.# #...#
#.# #.#.. ####
♣♣###### #.# #.###
#)..#♣♣ ♣♣P.#.## #.#
#.# #(..'.♣♣♣♣PP....#
#.# #)#
#...#♣..♣.PP....####.#
#.# ####
♣♣♣.♣g@.#.......# #.#
♣♣♣♣♣########## #>#
#.# #.# #.# #.# #.#
#.# #.###


You could see Crazy Yiuf.

Vanquished Creatures
  4 adders (D:2)
  An ooze (D:2)
  A dart slug (D:1)
  A ball python (D:1)
  3 bats
  4 giant cockroaches
  7 goblins
  7 hobgoblins
  4 jackals
  A quokka (D:2)
  4 frilled lizards
  3 kobolds
  4 rats (D:1)
44 creatures vanquished.

Notes
Turn   | Place    | Note
-------+----------+-------------------------------------------
     0 | D:1      | Jraekied the Demonspawn Hunter began the quest for the Orb.
     0 | D:1      | Reached XP level 1. HP: 16/16 MP: 1/1
    94 | D:1      | Reached skill level 4 in Throwing
   103 | D:1      | Gained mutation: You are immune to rotting. [demonic ancestry]
   103 | D:1      | Reached XP level 2. HP: 10/22 MP: 2/2
  1082 | D:2      | Found a shadowy altar of Dithmenos.
  1109 | D:2      | Reached skill level 1 in Short Blades
  1109 | D:2      | Gained mutation: Your flesh is cold resistant. (rC+) [demonic ancestry]
  1109 | D:2      | Reached XP level 3. HP: 20/27 MP: 3/3
  1120 | D:2      | Became a worshipper of Dithmenos the Shadowed
  1124 | D:2      | Found a shimmering altar of Xom.
  1178 | D:2      | Found a glowing silver altar of Zin.
  1348 | D:2      | Found a runed door.
  2024 | D:2      | Gained mutation: You are partially covered in molten scales. (AC +2) [demonic ancestry]
  2024 | D:2      | Reached XP level 4. HP: 19/33 MP: 4/4
  2636 | D:2      | Noticed Crazy Yiuf
  2644 | D:2      | HP: 1/33 [Crazy Yiuf/quarterstaff of chaos (8)]
  2657 | D:2      | Slain by Crazy Yiuf

Skill      XL: |  1  2  3  4 |
---------------+-------------+-----
Throwing       | 4 |  4.6
Short Blades   | 1 2 |  2.2
Fighting       | |  2.0
Dodging        | |  1.7
Stealth        | |  0.8

Action                   |  1- 3 |  4- 6 || total
-------------------------+-------+-------++-------
Melee: Short sword       |    90 |       ||    90
       Dagger            |    16 |    22 ||    38
Throw: Javelin           |     6 |       ||     6
       Stone             |    65 |    20 ||    85
  Use: Potion            |       |     3 ||     3
       Scroll            |       |     1 ||     1
 Stab: Sleeping          |     1 |       ||     1
  Eat: Chunk             |     3 |     1 ||     4
Armor: Leather armour    |    34 |       ||    34
       Ring mail         |     7 |     9 ||    16
Dodge: Dodged            |    77 |    10 ||    87
